 Dungeon Crawl Stone Soup version 0.20.1-1-g8b1a95d (webtiles) character file.

9828 alkexr the Black Belt (level 11, 0/90 HPs)
             Began as a Minotaur Monk on Oct 28, 2017.
             Slain by a two-headed ogre
             ... wielding a +0 giant club
              (24 damage)
             ... on level 11 of the Dungeon.
             The game lasted 00:35:11 (11803 turns).

alkexr the Black Belt (Minotaur Monk)              Turns: 11803, Time: 00:35:12

Health: 0/90       AC: 23    Str: 16    XL:     11   Next: 28%
Magic:  12/12      EV:  7    Int:  7    God:
Gold:   492        SH:  4    Dex: 16    Spells: 8/10 levels left

rFire    + . .     SeeInvis +     - Unarmed
rCold    + . .     Gourm    .   (no shield)
rNeg     . . .     Faith    .   O - +8 plate armour of the Nexus {*Slow Slay+5 SInv Stlth+}
rPois    .         Spirit   .   (helmet restricted)
rElec    .         Reflect  .   (no cloak)
rCorr    .         Harm     .   m - +2 pair of gloves
MR       +....     Clarity  +   (no boots)
Stlth    ..........             (no amulet)
Regen    0.3/turn               w - ring of protection from cold
MPRegen  0.2/turn               f - ring of protection from magic

@: lethally poisoned (0 -> 0)
A: retaliatory headbutt, horns 2, large bone plates 1, clarity, fire resistance
1
a: no special abilities


You were on level 11 of the Dungeon.
You were not hungry.

You visited 2 branches of the dungeon, and saw 12 of its levels.

You collected 632 gold pieces.
You spent 140 gold pieces at shops.

Inventory:

Hand Weapons
 a - a +0 mace
 y - a +0 mace of protection
Armour
 b - a +0 robe
 m - a +2 pair of gloves (worn)
 x - a +0 leather armour
 O - the +8 plate armour of the Nexus (worn) {*Slow Slay+5 SInv Stlth+}
   (You found it on level 9 of the Dungeon)

   It affects your accuracy and damage with ranged weapons and melee attacks
   (+5).
   It lets you see invisible.
   It may slow you when you take damage.
   It makes you more stealthy.
 S - a +0 pair of gloves
Jewellery
 c - an uncursed ring of fire
 f - a ring of protection from magic (right hand)
 s - an uncursed ring of fire
 w - a ring of protection from cold (left hand)
 I - an uncursed ring of resist corrosion
 M - an uncursed ring of ice
 V - an uncursed ring of magical power {unknown}
Wands
 n - a wand of iceblast (8/15)
 F - a wand of random effects (22/48)
 R - a wand of paralysis (6/24)
 T - a wand of disintegration (12/24)
Scrolls
 d - 3 scrolls of enchant weapon {unknown}
 e - 6 scrolls of identify
 i - 4 scrolls of teleportation
 j - a scroll of amnesia {unknown}
 k - 4 scrolls of blinking
 l - 2 scrolls of immolation
 q - 4 scrolls of remove curse
 r - 3 scrolls of recharging {unknown}
 t - 3 scrolls of enchant armour {unknown}
 u - 3 scrolls of fog {unknown}
 v - 2 scrolls of noise {unknown}
 N - a scroll of summoning {unknown}
 P - a scroll of torment {unknown}
Potions
 g - 6 potions of curing
 p - 4 potions of lignification
 A - 2 potions of haste
 B - a potion of cancellation
 D - a potion of heal wounds {unknown}
 E - a potion of brilliance
 G - a potion of magic {unknown}
 H - 2 potions of flight {unknown}
 J - 2 potions of agility
 L - a potion of mutation {unknown}
 U - a potion of might
Books
 z - a book of Frost

   Spells                             Type                      Level
   a - Freeze                         Ice                          1
   b - Throw Frost                    Conjuration/Ice              2
   c - Ozocubu's Armour               Charms/Ice                   3
   d - Throw Icicle                   Conjuration/Ice              4
   e - Summon Ice Beast               Ice/Summoning                4
 K - a book of Cantrips

   Spells                             Type                      Level
   a - Confusing Touch                Hexes                        1
   b - Animate Skeleton               Necromancy                   1
   c - Summon Small Mammal            Summoning                    1
   d - Apportation                    Translocation                1
 Q - a book of Minor Magic

   Spells                             Type                      Level
   a - Magic Dart                     Conjuration                  1
   b - Blink                          Translocation                2
   c - Call Imp                       Summoning                    2
   d - Slow                           Hexes                        2
   e - Conjure Flame                  Conjuration/Fire             3
   f - Mephitic Cloud                 Conjuration/Poison/Air       3
Comestibles
 h - 5 meat rations
 o - 5 royal jellies
 C - a bread ration


   Skills:
 + Level 6.3 Fighting
 - Level 3.6 Maces & Flails
 * Level 5.0 Armour
 - Level 5.5 Dodging
 - Level 1.5 Stealth
 + Level 15.3 Unarmed Combat
 + Level 2.7 Hexes
 - Level 2.0 Necromancy
 + Level 3.0 Evocations


You had 8 spell levels left.
You knew the following spells:

 Your Spells              Type           Power        Failure   Level  Hunger
t - Animate Skeleton      Necr           N/A          100%        1    ##.....
w - Confusing Touch       Hex            #.....       100%        1    ##.....


Dungeon Overview and Level Annotations

Branches:
Dungeon (11/15)            Temple (1/1) D:5            Lair (0/6) D:9
    Orc (0/2) D:9

Altars:
Ashenzari
Cheibriados
Dithmenos
Elyvilon
Fedhas
Gozag
Hepliaklqana
Kikubaaqudgha
Makhleb
Nemelex Xobeh
Okawaru
Qazlal
Ru
Sif Muna
Trog
Uskayaw
Vehumet
Xom
Yredelemnul
Zin
The Shining One

Shops:
D:4 *   D:8 }


Innate Abilities, Weirdness & Mutations

You reflexively headbutt those who attack you in melee.
You have a pair of horns on your head.
You are partially covered in large bone plates. (SH +4)
You possess an exceptional clarity of mind.
Your flesh is heat resistant. (rF+)


Message History

The two-headed ogre is lightly wounded.
The two-headed ogre hits you with a giant club.
The two-headed ogre hits you with a great mace!
Your plate armour of the Nexus prevents you from hitting the two-headed ogre.
Your headbutt misses the two-headed ogre.
The two-headed ogre is lightly wounded.
You punch the two-headed ogre!
Your headbutt misses the two-headed ogre.
The two-headed ogre is moderately wounded.
You feel sick.
The two-headed ogre hits you with a giant club!
* * * LOW HITPOINT WARNING * * *
The two-headed ogre hits you with a great mace.
* * * LOW HITPOINT WARNING * * *
It was a potion of cancellation.
Your magical effects are unravelling.
You feel magically purged.
You are no longer corroded.
The two-headed ogre hits you with a giant club!!
You die...

###################
#...#.....#.....#..
#!8!#.....#.....#..
######+########Y.Y#..#..#..#..#..
#.............#O###..#..#..#..#..
#.............#.@....#.....#.....
#..........##.#......#.....#.....
#..........##.###################
...........##...(..........).).).
...........##....................
..............###################
.############## .....#%..oo#


uHYY .#............#......#.....#..FYY .#............#+###..#..#..#..#YY You
could see a two-headed ogre and a sky beast.

Vanquished Creatures
  3 two-headed ogres
  An unseen horror (D:10)
  A spiny frog (D:9)
  The ghost of larsimusprime the Grasshopper, an amateur NaWr (D:4)
  4 trolls
  Prince Ribbit (D:7)
  2 hippogriffs
  6 yaks (D:11)
  An acid dragon (D:11)
  2 orc warriors
  3 sky beasts
  A black bear (D:7)
  2 phantoms
  3 ice beasts
  An eye of draining (D:10)
  4 ogres
  2 centaurs (D:8)
  2 big kobolds
  5 bullfrogs
  5 killer bees (D:7)
  3 scorpions
  2 wights (D:9)
  7 howler monkeys
  4 crimson imps
  2 bullfrog zombies
  11 hounds
  4 orc priests
  3 centaur skeletons
  2 jellies (D:7)
  3 bullfrog skeletons
  An iguana (D:6)
  13 orc wizards
  7 worker ants
  A hound zombie (D:9)
  3 hound skeletons
  A howler monkey zombie (D:11)
  4 gnolls (D:9)
  10 adders
  5 shadow imps
  2 adder skeletons
  A worm (D:2)
  3 dart slugs
  7 leopard geckos
  43 orcs
  8 bats
  A giant cockroach (D:7)
  4 goblins
  9 hobgoblins
  2 jackals (D:7)
  9 kobolds
  4 quokkas
  3 ball pythons
  5 frilled lizards
  A jackal zombie (D:7)
  A leopard gecko skeleton (D:7)
  A quokka zombie (D:6)
  5 rats
245 creatures vanquished.

Vanquished Creatures (others)
  3 wights (D:9)
3 creatures vanquished.

Grand Total: 248 creatures vanquished

Notes
Turn   | Place    | Note
-------+----------+-------------------------------------------
     0 | D:1      | alkexr the Minotaur Monk began the quest for the Orb.
     0 | D:1      | Reached XP level 1. HP: 19/19 MP: 0/0
    31 | D:1      | Reached skill level 1 in Unarmed Combat
   164 | D:1      | Reached XP level 2. HP: 16/26 MP: 1/1
   334 | D:1      | Reached skill level 2 in Unarmed Combat
   738 | D:1      | Reached XP level 3. HP: 31/31 MP: 2/2
   760 | D:1      | Reached skill level 3 in Unarmed Combat
  1753 | D:2      | Reached skill level 4 in Unarmed Combat
  1945 | D:3      | Reached XP level 4. HP: 39/39 MP: 3/3
  2401 | D:4      | Reached skill level 5 in Unarmed Combat
  2401 | D:4      | Reached XP level 5. HP: 44/45 MP: 4/4
  2456 | D:4      | Found a glowing golden altar of the Shining One.
  2464 | D:4      | Noticed larsimusprime's ghost (amateur NaWr)
  3073 | D:4      | Killed larsimusprime's ghost
  3073 | D:4      | Reached skill level 7 in Unarmed Combat
  3073 | D:4      | Reached XP level 6. HP: 31/51 MP: 5/5
  3522 | D:4      | Found Qeomp's General Store.
  3527 | D:4      | Bought a potion of haste for 140 gold pieces
  3584 | D:4      | Reached skill level 8 in Unarmed Combat
  3584 | D:4      | Reached XP level 7. HP: 41/57 MP: 6/6
  4220 | D:5      | Entered Level 5 of the Dungeon
  4241 | D:5      | Reached skill level 9 in Unarmed Combat
  4424 | D:5      | Found a shimmering altar of Xom.
  4425 | D:5      | Found a burning altar of Makhleb.
  4845 | D:5      | Found a staircase to the Ecumenical Temple.
  4854 | Temple   | Entered the Ecumenical Temple
  5010 | D:5      | Found a glowing silver altar of Zin.
  5082 | D:5      | Reached skill level 10 in Unarmed Combat
  5163 | D:5      | Reached XP level 8. HP: 64/64 MP: 7/7
  5841 | D:6      | Found a radiant altar of Vehumet.
  5882 | D:6      | Reached skill level 11 in Unarmed Combat
  6286 | D:7      | Noticed Prince Ribbit
  6295 | D:7      | Killed Prince Ribbit
  6308 | D:7      | Found a sacrificial altar of Ru.
  6419 | D:7      | Reached skill level 12 in Unarmed Combat
  6618 | D:7      | Reached XP level 9. HP: 43/70 MP: 8/8
  7163 | D:7      | Learned a level 1 spell: Confusing Touch
  7165 | D:7      | Learned a level 1 spell: Animate Skeleton
  7222 | D:8      | Reached skill level 13 in Unarmed Combat
  7607 | D:8      | Noticed a two-headed ogre
  8103 | D:8      | Killed a two-headed ogre
  8103 | D:8      | Reached skill level 14 in Unarmed Combat
  8125 | D:8      | Found Kecoruo's Gadget Shoppe.
  8563 | D:8      | Reached XP level 10. HP: 36/78 MP: 9/9
  8892 | D:8      | Found a basalt altar of Yredelemnul.
  9103 | D:9      | Noticed a two-headed ogre
  9116 | D:9      | Killed a two-headed ogre
  9116 | D:9      | Reached skill level 1 in Hexes
  9116 | D:9      | Reached skill level 1 in Necromancy
  9201 | D:9      | Identified the +8 plate armour of the Nexus {*Slow Slay+5 SInv Stlth+} (You found it on level 9 of the Dungeon)
  9235 | D:9      | Gained mutation: You possess an exceptional clarity of mind. [mutagenic meat]
  9241 | D:9      | Gained mutation: Your flesh is heat resistant. (rF+) [mutagenic meat]
  9242 | D:9      | Gained mutation: You are partially covered in large bone plates. (SH +4) [mutagenic meat]
  9279 | D:9      | Found a staircase to the Orcish Mines.
  9297 | D:9      | Reached skill level 5 in Dodging
  9297 | D:9      | Reached skill level 1 in Evocations
  9482 | D:9      | Noticed a spiny frog
  9488 | D:9      | Killed a spiny frog
  9491 | D:9      | Found a staircase to the Lair.
  9530 | D:9      | Reached skill level 15 in Unarmed Combat
  9984 | D:9      | Reached skill level 5 in Fighting
  9984 | D:9      | Reached skill level 1 in Armour
 10356 | D:9      | Found a sparkling altar of Nemelex Xobeh.
 10684 | D:10     | Entered Level 10 of the Dungeon
 10741 | D:10     | Identified the +2 plate armour of Moyff {rElec Str+2} (You found it on level 10 of the Dungeon)
 10916 | D:10     | Noticed a two-headed ogre
 10921 | D:10     | Killed a two-headed ogre
 11016 | D:10     | Noticed an unseen horror
 11021 | D:10     | Killed an unseen horror
 11021 | D:10     | Reached XP level 11. HP: 84/89 MP: 0/11
 11720 | D:11     | Noticed a purple ugly thing
 11787 | D:11     | Noticed a two-headed ogre
 11795 | D:11     | Reached skill level 5 in Armour
 11803 | D:11     | Slain by a two-headed ogre

Skill      XL: |  1  2  3  4  5  6  7  8  9 10 11 |
---------------+----------------------------------+-----
Unarmed Combat | 1 2 4 5 7 8 10 12 14 15 | 15.3
Fighting       | 5 6 |  6.3
Dodging        | 5 |  5.5
Hexes          | 2 |  2.7
Necromancy     | 2 |  2.0
Evocations     | 2 3 |  3.0
Armour         | 3 5 |  5.0
Maces & Flails | |  3.6
Stealth        | |  1.5

Action                   |  1- 3 |  4- 6 |  7- 9 | 10-12 || total
-------------------------+-------+-------+-------+-------++-------
Melee: Mace              |    83 |    61 |       |       ||   144
       Headbutt          |     6 |    19 |    60 |    37 ||   122
       Punch             |     1 |     2 |    23 |    11 ||    37
       Unarmed           |       |    34 |   327 |   187 ||   548
 Cast: Confusing Touch   |       |       |     6 |     1 ||     7
       Animate Skeleton  |       |       |     1 |       ||     1
  Use: Scroll            |       |     8 |       |     4 ||    12
       Potion            |       |     1 |     5 |     1 ||     7
 Stab: Sleeping          |     7 |       |     3 |     2 ||    12
       Confused          |       |       |     3 |     2 ||     5
  Eat: Chunk             |     3 |     2 |    11 |     9 ||    25
       Bread ration      |       |     1 |     1 |     1 ||     3
Armor: Robe              |    12 |       |       |       ||    12
       Leather armour    |       |    19 |    45 |     3 ||    67
       Skin              |       |       |    10 |       ||    10
       Plate armour      |       |       |       |    86 ||    86
Dodge: Dodged            |    58 |    52 |   180 |    60 ||   350
Block: Other             |       |       |       |    15 ||    15
